AoeStats
← テル

Arabia

510478045Analyzed
1v1 RM · 1d ago on Oct 1, 2026· 41m 56s· 2 players
Game mode
Random Map
Map size
Tiny (2 player)
Population
200
Speed
Normal
Resources
Standard
Victory
Conquest
Starting age
Dark Age
Ending age
Imperial Age
RankedLock teamsTeams togetherTeam positionsShared explorationLock speedFull tech treeHidden civsTurbo modeCheats
Victory
Defeat
🇨🇱 Mongols · Chile
977
+17
🇯🇵 Ethiopians · Japan
992
-17
你媽媽吞下了它
6:34 Loom
9:24 Feudal Age
10:15 Double-Bit Axe
17:04 Horse Collar
21:37 Castle Age
23:32 Heavy Plow
23:49 Bow Saw
24:16 Fletching
26:20 Bodkin Arrow
28:37 Husbandry
31:03 Wheelbarrow
31:58 Gold Mining
32:05 Town Watch
35:55 Ballistics
38:18 Imperial Age
36:02 Thumb Ring
37:06 Bloodlines
40:27 Bracer
40:48 Hand Cart
テル
7:41 Loom
10:38 Feudal Age
11:06 Double-Bit Axe
15:24 Fletching
16:46 Horse Collar
19:42 Wheelbarrow
24:19 Castle Age
22:19 Gold Mining
24:03 Padded Archer Armor
24:08 Scale Barding Armor
24:14 Forging
23:58 Stone Mining
24:33 Crossbowman
24:54 Light Cavalry
25:06 Light Cavalry
25:51 Bodkin Arrow
26:36 Bow Saw
27:06 Heavy Plow
27:32 Chain Barding Armor
32:52 Husbandry
33:57 Ballistics
37:14 Imperial Age
35:33 Gold Shaft Mining
35:33 Stone Shaft Mining
36:41 Hand Cart
36:12 Town Watch
37:43 Iron Casting
37:24 Leather Archer Armor
37:24 Arbalester
39:55 Conscription
38:59 Hussar
41:20 Blast Furnace
40:21 Bracer
40:51 Thumb Ring
Connection lost

Rejoining the realm…

Still unreachable

The connection could not be restored.

Session expired

The server has moved on; the page needs a fresh start.